 Dungeon Crawl Stone Soup version 0.13.0-15-g9204fa6 (webtiles) character file.

6117 Deemzul the Frost Mage (level 10, -9/56 HPs)
             Began as an Octopode Ice Elementalist on Oct 20, 2013.
             Was a Follower of Ashenzari.
             Mangled by a hill giant zombie (11 damage)
             ... led by Josephine
             ... on Level 12 of the Dungeon.
             The game lasted 00:46:50 (9160 turns).

Deemzul the Frost Mage (Octopode Ice Elementalist)  Turns: 9160, Time: 00:46:51

HP  -9/56        AC  4     Str  7      XL: 10   Next: 76%
MP  25/42        EV  2     Int 25      God: Ashenzari [*.....]
Gold 396         SH  0     Dex 16 (18) Spells:  6 memorised,  4 levels left

Res.Fire  : . . .   See Invis. : +   P - +4,+2 elf spear (vamp) (curse)
Res.Cold  : . . .   Warding    : .   (no shield)
Life Prot.: + + +   Conserve   : .   (helmet restricted)
Res.Poison: +       Res.Corr.  : .   f - amulet of resist mutation
Res.Elec. : .       Clarity    : .   o - cursed +3 ring of protection
Sust.Abil.: . .     Spirit.Shd : .   v - cursed ring of protection from magic
Res.Mut.  : +       Stasis     : .   A - cursed ring of magical power
Res.Rott. : +       Flight     : .   R - cursed ring of wizardry
Saprovore : . . .                    N - ring of magical power
                                     V - cursed ring of Lugonu's Castigation {Dex+6 Int+3}
                                     l - ring of see invisible
                                     (no ring)

@: petrified, quite resistant to hostile enchantments, quite stealthy
A: almost no armour, amphibious, 8 rings, constrict 8, camouflage 1,
regeneration 1, AC +1
a: Renounce Religion


You were on level 12 of the Dungeon.
You worshipped Ashenzari.
Ashenzari was aware of your devotion.
You were not hungry.

You visited 2 branches of the dungeon, and saw 13 of its levels.

You collected 376 gold pieces.

Inventory:

Hand weapons
 e - a +2,+2 vampiric dagger (quivered)
 K - a +2 blowgun
 P - a cursed +4,+2 elven vampiric spear (weapon)
Missiles
 L - 19 poisoned needles
Magical devices
 s - a wand of cold (11) {unknown}
 z - a wand of teleportation (4)
 E - a wand of slowing (14)
 G - a wand of teleportation (2)
 Q - a wand of frost (3)
 S - a wand of polymorph (4) {unknown}
Comestibles
 c - 6 bread rations
 t - 4 meat rations
Scrolls
 d - 2 scrolls of curse weapon
 h - 4 scrolls of fog
 j - 4 scrolls of fear
 k - 3 scrolls of teleportation
 u - a scroll of amnesia
 x - 3 scrolls of remove curse
 y - 2 scrolls of identify
 B - a scroll of recharging
 J - a scroll of curse armour
Jewellery
 f - an amulet of resist mutation (around mantle)
 l - a ring of see invisible (on tentacle)
 o - a cursed +3 ring of protection (left tentacle)
 v - a cursed ring of protection from magic (right tentacle)
 A - a cursed ring of magical power (on tentacle)
 N - a ring of magical power (on tentacle)
 R - a cursed ring of wizardry (on tentacle)
 V - the cursed ring of Lugonu's Castigation (on tentacle) {Dex+6 Int+3}
   (You acquired it on level 10 of the Dungeon)

   [ring of dexterity]

   It affects your dexterity (+6).
   It affects your intelligence (+3).
   It has a curse placed upon it.
Potions
 m - 3 potions of restore abilities
 C - 4 potions of curing
 D - 2 potions of brilliance
 F - 5 potions of heal wounds
 H - a potion of resistance
 M - a potion of might
 O - 2 potions of flight {unknown}
Books
 b - a book of Frost

   Spells                             Type                      Level
   *Freeze                            Ice                          1
   *Throw Frost                       Conjuration/Ice              2
   *Ozocubu's Armour                  Charms/Ice                   3
   *Throw Icicle                      Conjuration/Ice              4
   *Summon Ice Beast                  Ice/Summoning                4
   *Condensation Shield               Ice                          4
 n - a Grand Grimoire {highlevel}

   This book is beyond your current level of understanding.

   Spells                             Type                      Level
   Demonic Horde                      Summoning                    6
   Mass Abjuration                    Summoning                    6
   Haunt                              Necromancy/Summoning         7
   Summon Greater Demon               Summoning                    7
   Malign Gateway                     Summoning/Translocation      7
   Summon Horrible Things             Summoning                    8
 p - a book of Cantrips

   Spells                             Type                      Level
   Confusing Touch                    Hexes                        1
   Animate Skeleton                   Necromancy                   1
   Summon Small Mammal                Summoning                    1
   Apportation                        Translocation                1
 T - a book of Burglary

   Spells                             Type                      Level
   Apportation                        Translocation                1
   Swiftness                          Charms/Air                   2
   Passwall                           Transmutation/Earth          3
   Passage of Golubria                Translocation                4
   Lee's Rapid Deconstruction         Earth                        5
   Darkness                           Hexes                        7


   Skills:
 - Level 2.0 Dodging
 - Level 2.6 Stealth
 + Level 6.9 Spellcasting
 + Level 6.9 Conjurations
 + Level 5.9 Charms
 + Level 1.9 Summonings
 * Level 10.6 Ice Magic


You had 4 spell levels left.
You knew the following spells:

 Your Spells              Type           Power        Failure   Level  Hunger
a - Freeze                Ice            ####         1%          1    None
b - Throw Frost           Conj/Ice       ######       1%          2    None
c - Ozocubu's Armour      Chrm/Ice       ######....   1%          3    None
d - Condensation Shield   Ice            ######....   1%          4    ###....
e - Summon Ice Beast      Ice/Summ       #####.....   3%          4    ###....
f - Throw Icicle          Conj/Ice       ######..     1%          4    ###....


Dungeon Overview and Level Annotations

Branches:
Dungeon (12/27)            Temple (1/1) D:6             Orc (0/4) D:7
   Lair (0/8) D:8

Altars:
Ashenzari
Cheibriados
Elyvilon
Fedhas
Kikubaaqudgha
Makhleb
Nemelex Xobeh
Okawaru
Sif Muna
Trog
Vehumet
Xom
Yredelemnul
Zin
the Shining One

Shops:
D:7 (

Annotations:
D:6 Apsalar's ghost, experienced CeHu
D:7 Joseph
D:12 Josephine


Innate Abilities, Weirdness & Mutations

You cannot wear most types of armour.
You are amphibious.
You can wear up to eight rings at the same time.
You can use your tentacles to constrict many enemies at once.
Your skin changes colour to match your surroundings (Stlth).
Your rubbery body absorbs attacks (AC +1).
Your natural rate of healing is unusually fast.


Message History

You have turned to stone.
Josephine barely misses your ice beast. The hill giant zombie hits you.
Your magical contamination has completely faded away.
Josephine hits your ice beast with a runed dagger!
Your ice beast dies!
The hill giant zombie hits you but does no damage.
The hill giant zombie hits you. Josephine hits you with a runed dagger.
Josephine hits you but does no damage. The hill giant zombie hits you!
Josephine points at you and mumbles some strange words.
The bolt of cold hits you!
* * * LOW HITPOINT WARNING * * *
The bolt of cold hits your ice beast.
Your ice beast completely resists.
The hill giant zombie hits you!
* * * LOW HITPOINT WARNING * * *
Josephine hits you with a runed dagger.
* * * LOW HITPOINT WARNING * * *
The hill giant zombie hits you!
You die...

#.# #.# #.# #.# #.#
#.# ##.# #ZI#
###{#@# .l.#@#
###.#Z# .
##.z####§≈≈≈≈
..Z#######Z...§§....
..Z.z.ZZ<..#.####.##
############.# .# ..


You could see Josephine (invisible), a goliath beetle simulacrum, a hill giant
zombie, a yak skeleton, a manticore skeleton and a friendly ice beast.

Vanquished Creatures
  Pikel (D:7)
  A troll (D:9)
  A basilisk (D:12)
  A yak (D:7)
  A wyvern (D:10)
  A hill giant skeleton (D:10)
  Edmund (D:8)
  2 necrophages (D:5)
  An orc warrior (D:7)
  A black bear (D:9)
  A slave (D:7)
  A phantom (D:6)
  An ice beast (D:10)
  4 ogres
  5 centaurs
  Sigmund (D:7)
  Duvessa (D:6)
  3 giant frogs
  A manticore skeleton (D:9)
  A water moccasin (D:9)
  5 killer bees (D:8)
  2 wights (D:9)
  3 goliath beetles
  Dowan (D:6)
  6 crimson imps
  3 orc wizards
  A giant frog zombie (D:5)
  A jelly (D:4)
  An orc priest (D:7)
  2 scorpions (D:4)
  5 hounds
  A quasit (D:11)
  8 worker ants
  A crocodile skeleton (D:11)
  A hound zombie (D:6)
  14 adders
  5 gnolls
  A green rat (D:8)
  A worm zombie (D:5)
  2 worms
  An adder zombie (D:9)
  An iguana skeleton (D:4)
  2 giant eyeballs
  3 giant geckos
  28 orcs
  2 ball pythons
  A bat skeleton (D:8)
  A bat zombie (D:8)
  3 giant cockroaches
  A gnoll zombie (D:5)
  13 goblins
  13 hobgoblins
  11 jackals
  7 kobolds
  A quokka (D:9)
  12 bats
  A giant gecko zombie (D:6)
  6 giant newts
  A goblin skeleton (D:4)
  A jackal zombie (D:5)
  2 kobold skeletons
  12 rats
  8 ballistomycetes
225 creatures vanquished.

Vanquished Creatures (collateral kills)
  The ghost of Deemzul the Arsonist, an experienced OpFE of Ashenzari (D:9)
  A troll (D:9)
  A hill giant zombie (D:11)
  A steam dragon (D:10)
  A hungry ghost (D:11)
  2 sky beasts
  An ice beast (D:11)
  3 orc warriors
  A big kobold (D:11)
  An agate snail (D:9)
  3 wights (D:9)
  A quasit (D:10)
  2 orc priests (D:10)
  3 orc wizards
  A two-headed ogre skeleton (D:10)
  A worker ant (D:10)
  A mottled dragon skeleton (D:11)
  An iguana skeleton (D:9)
  5 orcs
  A hobgoblin (D:10)
  6 kobolds (D:11)
  A bat (D:10)
39 creatures vanquished.

Vanquished Creatures (others)
  2 slaves (D:7)
  16 ice beasts
  An orc (D:7)
  A giant newt (D:7)
  3 giant spores
  A rat (D:1)
  3 fungi (D:8)
27 creatures vanquished.

Grand Total: 291 creatures vanquished

Notes
Turn   | Place    | Note
--------------------------------------------------------------
     0 | D:1      | Deemzul, the Octopode Ice Elementalist, began the quest for the Orb.
     0 | D:1      | Reached XP level 1. HP: 11/11 MP: 3/3
   201 | D:1      | Reached XP level 2. HP: 10/17 MP: 0/4
   876 | D:1      | Learned a level 2 spell: Throw Frost
  1034 | D:2      | Reached XP level 3. HP: 8/21 MP: 1/6
  1590 | D:2      | Reached skill level 4 in Ice Magic
  1590 | D:2      | Reached XP level 4. HP: 27/27 MP: 1/8
  2012 | D:3      | Reached XP level 5. HP: 20/31 MP: 2/10
  2693 | D:3      | Learned a level 3 spell: Ozocubu's Armour
  2785 | D:4      | Noticed an ogre
  2827 | D:4      | Reached XP level 6. HP: 36/36 MP: 2/13
  2912 | D:4      | Learned a level 4 spell: Condensation Shield
  2952 | D:4      | Found a burning altar of Makhleb.
  2957 | D:4      | Reached skill level 5 in Ice Magic
  3205 | D:5      | Entered Level 5 of the Dungeon
  3205 | D:5      | Noticed a necrophage
  3294 | D:5      | Reached skill level 1 in Charms
  3294 | D:5      | Reached XP level 7. HP: 19/41 MP: 12/15
  3679 | D:5      | Killed a necrophage
  3679 | D:5      | Reached skill level 6 in Ice Magic
  3682 | D:5      | Gained mutation: Your natural rate of healing is unusually fast. [potion of beneficial mutation]
  3783 | D:5      | Noticed a necrophage
  3797 | D:5      | Killed a necrophage
  3813 | D:5      | Reached XP level 8. HP: 39/46 MP: 10/18
  4150 | D:6      | Found a staircase to the Ecumenical Temple.
  4165 | Temple   | Entered the Ecumenical Temple
  4268 | Temple   | Became a worshipper of Ashenzari the Shackled
  4430 | D:6      | Reached skill level 7 in Ice Magic
  4536 | D:6      | Noticed Apsalar's ghost (experienced CeHu)
  4582 | D:7      | Noticed Joseph
  4649 | D:7      | Found a staircase to the Orcish Mines.
  4663 | D:7      | Found Smituepp's Weapon Shoppe.
  4731 | D:7      | Noticed Sigmund
  4741 | D:7      | Killed Sigmund
  4909 | D:7      | Noticed Pikel
  4927 | D:7      | Killed Pikel
  4927 | D:7      | Reached skill level 5 in Spellcasting
  4927 | D:7      | Reached skill level 5 in Conjurations
  4927 | D:7      | Reached skill level 8 in Ice Magic
  4927 | D:7      | Reached XP level 9. HP: 24/51 MP: 13/20
  5355 | D:8      | Noticed Edmund
  5375 | D:8      | Killed Edmund
  5605 | D:8      | Found a staircase to the Lair.
  5605 | D:8      | Noticed a hill giant
  5846 | D:6      | Noticed Dowan
  5858 | D:6      | Noticed Duvessa
  5868 | D:6      | Reached skill level 9 in Ice Magic
  5875 | D:6      | Killed Duvessa
  6173 | D:6      | Killed Dowan
  6189 | D:6      | Found an iron altar of Okawaru.
  6846 | D:9      | Reached XP level 10. HP: 56/56 MP: 15/23
  6852 | D:9      | Learned a level 4 spell: Summon Ice Beast
  6857 | D:9      | Learned a level 4 spell: Throw Icicle
  6879 | D:9      | Reached skill level 5 in Charms
  7142 | D:9      | Noticed Deemzul's ghost (experienced OpFE)
  7161 | D:9      | Killed Deemzul's ghost
  7522 | D:10     | Entered Level 10 of the Dungeon
  7607 | D:10     | Reached skill level 10 in Ice Magic
  7655 | D:10     | Paralysed by a giant eyeball for 3 turns
  8107 | D:10     | Identified a scroll of acquirement
  8107 | D:10     | Identified the cursed ring of Lugonu's Castigation {Dex+6 Int+3} (You acquired it on level 10 of the Dungeon)
  8180 | D:10     | Noticed a dragon
  8486 | D:11     | Reached skill level 1 in Summonings
  8524 | D:11     | Got a cursed transparent iron ring
  8525 | D:11     | Identified the cursed ring "Apsishod" {-Cast +Inv rPois rC+} (You acquired it on level 11 of the Dungeon)
  9125 | D:12     | Noticed Josephine
  9160 | D:12     | HP: 2/56 [Josephine/runed dagger (1)]
  9160 | D:12     | Mangled by a hill giant zombie

Action                   |  1- 3 |  4- 6 |  7- 9 | 10-12 || total
-------------------------+-------+-------+-------+-------++-------
Melee: Unarmed           |    39 |     6 |       |       ||    45
       Dagger            |       |   123 |   308 |     3 ||   434
       Spear             |       |       |       |   214 ||   214
 Cast: Freeze            |    40 |    30 |   155 |    25 ||   250
       Throw Frost       |     6 |    19 |    44 |    10 ||    79
       Ozocubu's Armour  |       |     3 |    20 |     8 ||    31
       Condensation Shie |       |     2 |    23 |     7 ||    32
       Summon Ice Beast  |       |       |       |    52 ||    52
       Throw Icicle      |       |       |       |     3 ||     3
Evoke: Wand              |       |       |     4 |     1 ||     5
  Use: Potion            |       |       |     9 |       ||     9
       Scroll            |       |       |    10 |    14 ||    24
 Stab: Sleeping          |     1 |     7 |     6 |     4 ||    18
       Distracted        |       |       |       |     5 ||     5
